Map: Purity and Industry LE

Players

Mozzi

  • Race: Terran Terran
  • League: Diamond
  • Spawn Location: 3:00

Eleven - Winner!

  • Race: Zerg Zerg
  • League: Diamond
  • Spawn Location: 12:00

VOD

Have the link to the VOD?

Description

Time

  • Played on: May 6, 2020, 11:21 p.m.
  • Length: 19:30
Show
View Real Time Build Order
Export as new Build Order

Mozzi Terran 

Build Orders: Reaper Expand, Hellion Banshee 

Get SALT Encoding   

  12  0:01  SCV  
  13  0:13  SCV  
  14  0:17  Supply Depot  
  14  0:26  SCV  
  15  0:39  SCV  
  15  0:40  Barracks  
  16  0:45  Refinery  
  16  0:51  SCV  
  18  1:04  SCV  
  18  1:16  SCV  
  19  1:30  Orbital Command  
  19  1:32  Reaper  
  20  1:41  Command Center  
  20  1:57  SCV, Supply Depot  
  21  2:04  Marine  
  22  2:10  SCV  
  22  2:12  Factory  
  22  2:15  Refinery  
  23  2:22  SCV  
  24  2:27  Barracks Reactor  
  24  2:37  SCV  
  25  2:52  SCV  
  25  2:59  Orbital Command  
  25  3:04  SCV  
  26  3:10  Starport  
  26  3:12  Hellion x2  
  30  3:16  SCV  
  30  3:19  Barracks Tech Lab  
  31  3:28  SCV  
  31  3:33  SCV  
  31  3:41  SCV, Hellion x2  
  36  3:45  SCV  
  37  3:53  SCV  
  38  3:57  SCV  
  39  4:04  Hellion x2  
  39  4:05  SCV  
  44  4:10  Supply Depot  
  44  4:15  Banshee  
  47  4:19  SCV  
  48  4:24  SCV  
  49  4:35  Supply Depot  
  49  4:36  SCV  
  50  4:41  Cloaking Field  
  50  4:44  SCV  
  51  4:48  SCV  
  52  4:53  Command Center  
  52  4:56  SCV, Hellion x2  
  57  5:13  Banshee  
  60  5:14  SCV  
  60  5:17  Refinery  
  60  5:18  SCV, Refinery  
  62  5:24  Factory  
  62  5:27  Factory  
  62  5:32  SCV  
  63  6:34  Hellion x2, Factory Tech Lab  
  63  6:38  Orbital Command  
  68  6:40  SCV x2  
  69  6:47  Supply Depot  
  69  6:49  Supply Depot, Starport Reactor  
  69  6:52  SCV x2  
  71  6:59  Infernal Pre-Igniter  
  71  7:00  Mag-Field Accelerator  
  71  7:24  Hellion x3, Cyclone  
  71  7:26  SCV x2  
  80  7:41  SCV  
  80  7:43  Viking  
  83  7:45  Cyclone  
  86  7:56  SCV, Cyclone  
  90  8:01  Orbital Command  
  90  8:02  Hellion x2  
  94  8:11  SCV  
  94  8:12  Armory  
  95  8:13  Command Center  
  95  8:15  Armory  
  95  8:17  Cyclone  
  95  8:19  Factory  
  98  8:20  Factory  
  98  8:24  Hellion  
  100  8:27  SCV  
  101  8:35  SCV, Hellion, Cyclone  
  101  8:36  Supply Depot  
  101  8:37  Supply Depot x2  
  101  8:40  Supply Depot  
  107  8:49  Cyclone  
  110  9:07  Cyclone  
  110  9:09  SCV x3  
  102  9:28  SCV  
  102  9:29  SCV x2  
  105  9:34  Refinery  
  105  9:35  Refinery  
  105  9:37  Terran Vehicle Weapons Level 1, Terran Vehicle And Ship Armor Level 1  
  105  9:40  SCV  
  105  9:41  SCV x2  
  108  9:45  Supply Depot  
  108  9:46  Supply Depot  
  108  9:48  Command Center  
  108  9:49  Supply Depot  
  105  9:53  SCV x3, Cyclone  
  105  9:54  Hellion, Cyclone  
  105  9:55  Hellion, Factory Tech Lab  
  105  9:56  Factory Tech Lab  
  113  10:10  Liberator  
  113  10:11  Liberator  
  113  10:12  SCV x3  
  122  10:16  Hellion x2  
  126  10:25  Cyclone  
  123  10:33  Cyclone x3  
  116  10:44  Hellion x2  
  115  10:50  SCV  
  115  10:52  SCV x3  
  115  10:57  Engineering Bay  
  119  10:58  Cyclone, Liberator x2  
  128  11:05  Hellion, Cyclone x2  
  140  11:11  Hellion x2  
  130  11:23  SCV x3  
  130  11:24  Planetary Fortress  
  127  11:27  Hellion  
  127  11:29  SCV  
  127  11:30  Cyclone, Command Center  
  127  11:31  Terran Vehicle Weapons Level 2  
  127  11:32  Hellion, Cyclone  
  138  11:37  Siege Tank  
  138  11:38  Hellion  
  136  11:59  Siege Tank  
  138  12:01  Hellion  
  138  12:02  Hellion x2  
  139  12:09  SCV x2, Planetary Fortress  
  132  12:39  Liberator x2  
  132  12:40  SCV  
  139  12:53  Siege Tank x3  
  139  12:54  Thor  
  139  12:55  Hellion x2  
  137  13:17  Hellion  
  137  13:19  Factory  
  139  13:32  Thor x2  
  127  13:41  SCV x2  
  127  13:43  Planetary Fortress  
  127  13:45  SCV x3  
  130  13:49  Refinery x2  
  130  13:57  Siege Tank  
  133  14:08  SCV x2  
  133  14:09  SCV x3  
  138  14:20  SCV  
  139  14:24  SCV x2  
  139  14:25  Thor x3  
  139  14:26  Hellion x2  
  139  14:30  Hellion  
  165  14:33  Factory Reactor  
  165  14:44  SCV x2  
  161  14:49  Command Center  
  161  14:50  Liberator x2  
  167  14:53  Fusion Core  
  167  14:59  Hellion x3  
  173  15:01  SCV  
  174  15:08  Thor  
  140  15:29  SCV x2  
  142  15:36  Command Center  
  142  15:37  Hellion x3, Command Center  
  142  15:38  Hellion x3, Command Center, Thor  
  142  15:41  Liberator  
  163  15:50  Thor  
  151  15:59  Thor  
  151  16:20  Terran Vehicle Weapons Level 3, Terran Vehicle And Ship Armor Level 2  
  151  16:22  SCV  
  148  16:25  Command Center  
  148  16:27  Command Center x2  
  148  16:39  SCV x3  
  151  16:53  Siege Tank x3  
  162  16:54  Hellion x3  
  162  16:58  SCV x2  
  162  16:59  Command Center  
  162  17:01  Command Center  
  168  17:06  Advanced Ballistics  
  168  17:16  Cyclone  
  168  17:17  Hellion x2  
  175  17:25  SCV x2, Cyclone  
  175  17:26  Hellion x3, Refinery  
  175  17:28  Refinery  
  182  17:39  Liberator  
  183  18:05  Planetary Fortress  
  171  18:18  Thor  
  128  18:35  Thor  
  128  18:36  Hellion x2  
  128  18:40  SCV x4  
Show
View Real Time Build Order
Export as new Build Order

Eleven Zerg - Winner!

Build Orders: Hatch First, Lurkers 

Get SALT Encoding   

  12  0:03  Drone  
  13  0:12  Overlord  
  13  0:17  Drone  
  14  0:31  Drone x2  
  16  0:50  Hatchery  
  16  0:56  Drone  
  16  0:58  Drone  
  16  1:00  Drone  
  18  1:14  Extractor  
  18  1:17  Spawning Pool  
  16  1:21  Drone  
  16  1:24  Drone  
  18  1:29  Drone  
  19  1:42  Overlord  
  19  1:51  Drone  
  20  2:04  Queen x2  
  20  2:05  Zergling x4  
  26  2:25  Hatchery  
  26  2:29  Drone  
  26  2:33  Drone  
  26  2:34  Drone  
  28  2:43  Queen  
  29  2:55  Drone  
  29  2:56  Drone  
  30  2:58  Overlord  
  30  3:00  Drone x2  
  32  3:06  Drone x2  
  32  3:09  Drone  
  35  3:16  Metabolic Boost  
  35  3:18  Drone  
  35  3:19  Drone  
  37  3:36  Drone x4  
  37  3:39  Queen  
  42  3:42  Queen  
  42  3:47  Drone x2  
  46  3:51  Drone x2  
  48  3:58  Drone x2, Baneling Nest  
  48  3:59  Drone  
  50  4:12  Overlord  
  50  4:13  Overlord  
  50  4:25  Roach Warren  
  50  4:26  Evolution Chamber  
  50  4:27  Evolution Chamber  
  47  4:35  Lair, Spore Crawler  
  47  4:36  Spore Crawler  
  45  4:38  Spore Crawler, Queen  
  45  4:39  Spore Crawler  
  45  4:40  Drone  
  46  4:47  Drone  
  46  4:48  Drone x2  
  46  4:49  Spore Crawler  
  46  4:52  Drone x2  
  50  5:06  Queen  
  51  5:09  Drone x5  
  51  5:10  Drone x2  
  51  5:13  Overlord  
  58  5:34  Drone x3  
  58  5:35  Drone  
  62  5:51  Roach x2  
  62  5:54  Overlord x3  
  66  6:11  Extractor x2  
  66  6:14  Drone x3  
  66  6:15  Drone x3  
  66  6:16  Drone x2  
  72  6:19  Drone x3  
  72  6:20  Drone x3  
  72  6:22  Extractor  
  72  6:24  Extractor  
  75  6:36  Drone x3  
  75  6:37  Drone x3  
  81  6:41  Extractor  
  81  6:44  Hatchery  
  79  6:48  Hydralisk Den  
  78  7:00  Overlord x2  
  78  7:02  Drone x3  
  78  7:03  Drone x2  
  78  7:05  Drone  
  78  7:08  Zerg Missile Weapons Level 1  
  84  7:09  Centrifical Hooks, Zerg Ground Armor Level 1  
  84  7:11  Glial Reconstitution  
  84  7:17  Roach x3  
  84  7:18  Overlord x2, Roach x2  
  84  7:19  Overlord  
  85  7:25  Drone x5  
  90  7:41  Hatchery  
  90  7:43  Drone x7  
  96  7:52  Infestation Pit, Muscular Augments  
  96  7:54  Lurker Den  
  94  8:13  Roach x8  
  94  8:14  Roach x6  
  94  8:19  Spore Crawler  
  121  8:21  Queen  
  121  8:23  Overlord  
  121  8:24  Overlord x3  
  123  8:29  Ravager x4  
  123  8:30  Ravager  
  128  8:42  Overlord x2  
  128  8:47  Hydralisk x5  
  138  8:49  Zergling x16  
  140  9:03  Grooved Spines  
  120  9:21  Queen  
  120  9:22  Drone x15  
  137  9:25  Drone x2  
  137  9:29  Zerg Missile Weapons Level 2  
  139  9:34  Zerg Melee Weapons Level 1  
  139  9:36  Hive  
  132  10:08  Extractor  
  132  10:10  Drone x3, Extractor  
  132  10:11  Drone x3  
  132  10:12  Drone x2  
  132  10:13  Zergling x22  
  149  10:15  Overlord x4  
  140  10:46  Hydralisk x4  
  140  10:47  Roach x5, Hydralisk x4  
  140  10:48  Zergling x6, Roach x4  
  140  10:49  Zergling x8  
  181  10:53  Overlord x3  
  181  10:59  Overseer  
  181  11:00  Overseer x2  
  181  11:04  Adrenal Glands  
  181  11:06  Seismic Spines  
  177  11:34  Baneling x3  
  177  11:35  Baneling x7  
  177  11:36  Baneling x3  
  173  11:46  Zerg Missile Weapons Level 3  
  171  11:47  Zerg Melee Weapons Level 2  
  169  11:54  Hatchery  
  166  12:02  Zergling x26  
  166  12:03  Zergling x6, Adaptive Talons  
  178  12:30  Lurker x13  
  178  12:33  Viper  
  193  12:45  Viper  
  192  13:04  Hatchery  
  189  13:14  Viper x2  
  193  13:28  Evolution Chamber x2  
  193  13:29  Evolution Chamber x2  
  193  13:30  Evolution Chamber  
  180  13:48  Hatchery  
  179  14:00  Hydralisk x10  
  199  14:21  Extractor  
  198  14:25  Extractor  
  198  14:26  Zerg Melee Weapons Level 3  
  157  15:58  Hydralisk x3  
  157  15:59  Roach x5, Hydralisk x6  
  157  16:00  Roach x5, Hydralisk x2  
  194  16:32  Lurker x6  
  200  16:41  Extractor  
Tags
 
Add a new tag
Caveats
  • Supply blocks, unpowered buildings, or Contaminate may cause inaccurate times.
  • Supply counts are checked every 10 seconds.